 Dungeon Crawl Stone Soup version 0.18.1-48-g4cf74bf (webtiles) character file.

72 Metae the Caller (level 4, -7/25 HPs)
             Began as a Deep Elf Summoner on July 4, 2016.
             Shot with an arrow by a centaur (8 damage)
             ... on level 3 of the Dungeon.
             The game lasted 00:17:19 (1893 turns).

Metae the Caller (Deep Elf Summoner)                Turns: 1893, Time: 00:17:20

Health: -7/25      AC:  3    Str:  5    XL:     4   Next: 6%
Magic:  3/11       EV: 13    Int: 21    God:
Gold:   73         SH:  0    Dex: 15    Spells: 4 memorised, 0 levels left

rFire  . . .     SeeInvis .     e - +0 short sword
rCold  . . .     Gourm    .     a - +0 robe
rNeg   . . .     Faith    .     (no shield)
rPois  .         Spirit   .     g - +0 helmet
rElec  .         Dismiss  .     (no cloak)
rCorr  .         Reflect  .     (no gloves)
SustAt .         Harm     .     (no boots)
MR     .....                    (no amulet)
Stlth  ++........               (no ring)
                                m - ring of flight

@: not resistant to hostile enchantments, unstealthy
A: no striking features
a: Evoke Flight


You were on level 3 of the Dungeon.
You were not hungry.

You visited 1 branch of the dungeon, and saw 3 of its levels.

You collected 73 gold pieces.

Inventory:

Hand Weapons
 e - a +0 short sword (weapon)
Armour
 a - a +0 robe (worn)
 g - a +0 helmet (worn)
Jewellery
 m - a ring of flight (left hand)
Scrolls
 i - a scroll of noise {unknown}
Potions
 d - a potion of might {unknown}
 h - a potion of agility {unknown}
 j - a potion of curing {unknown}
 k - a potion of heal wounds {unknown}
 l - a potion of magic {unknown}
 n - a potion of resistance {unknown}
Books
 b - a book of Callings

   Spells                             Type                      Level
   a - Summon Small Mammal            Summoning                    1
   b - Call Imp                       Summoning                    2
   c - Call Canine Familiar           Summoning                    3
   d - Summon Guardian Golem          Hexes/Summoning              3
   e - Summon Lightning Spire         Summoning/Air                4
   f - Summon Ice Beast               Ice/Summoning                4
Comestibles
 c - a bread ration


   Skills:
 + Level 1.2 Fighting
 + Level 0.2 Short Blades
 + Level 2.6 Dodging
 * Level 3.3 Stealth
 * Level 3.8 Spellcasting
 + Level 0.0 Hexes
 * Level 4.8 Summonings
 + Level 0.0 Air Magic
 + Level 0.4 Evocations


You couldn't memorise any spells.
You knew the following spells:

 Your Spells              Type           Power        Failure   Level  Hunger
a - Summon Small Mammal   Summ           ###.         1%          1    None
b - Call Imp              Summ           ###.....     2%          2    #......
c - Summon Lightning Spi  Summ/Air       ##......     54%         4    ####...
d - Summon Guardian Gole  Hex/Summ       ##......     17%         3    ###....


Dungeon Overview and Level Annotations

Branches:
Dungeon (3/15)

Altars:


Message History

Your crimson imp blinks!
Your magical contamination has completely faded away.
The centaur shoots an arrow.
The arrow misses you.
You see here an arrow.
Casting: Call Imp
Confirm with . or Enter, or press ? or * to list all spells.
A beastly little devil appears in a puff of frigid air.
The centaur shoots an arrow.
The arrow hits you!
Ouch! That really hurt!
* * * LOW HITPOINT WARNING * * *
The centaur shoots an arrow.
The arrow misses you.
The centaur shoots an arrow.
The arrow barely misses you.
You see here 2 arrows.
You swap places.
The centaur shoots an arrow.
The arrow hits your white imp.
Your white imp barely misses the centaur.
The centaur shoots an arrow.
The arrow hits your white imp!
Your white imp dies!
The centaur shoots an arrow.
The arrow hits you!
You die...

### ### #.. ..#
#.# #.# #.# #.#
########.# #.#
.........####.#
######.......#
#.....###...#
#.##### #.@##
#.# #..# #.#
#..#
#.#######..#
#.##.c((c..# .
#.##.####.##
... #.##.# #.#
... #.##.# #.#
... #.##)# #.#


You could see a centaur.

Vanquished Creatures
  A dart slug (D:1)
  A giant gecko (D:2)
  2 giant cockroaches (D:1)
  A goblin (D:2)
  2 hobgoblins (D:1)
  2 ball pythons
  3 bats
  A giant newt (D:1)
  2 rats (D:2)
15 creatures vanquished.

Vanquished Creatures (collateral kills)
  Terence (D:2)
  4 adders (D:2)
  A giant gecko (D:2)
  2 giant cockroaches
  6 goblins
  5 hobgoblins
  A ball python (D:2)
  3 bats
  3 giant newts
  8 kobolds
  4 rats
38 creatures vanquished.

Grand Total: 53 creatures vanquished

Notes
Turn   | Place    | Note
--------------------------------------------------------------
     0 | D:1      | Metae the Deep Elf Summoner began the quest for the Orb.
     0 | D:1      | Reached XP level 1. HP: 10/10 MP: 6/6
   310 | D:1      | Reached XP level 2. HP: 16/16 MP: 5/8
   314 | D:1      | Learned a level 2 spell: Call Imp
  1034 | D:2      | Reached XP level 3. HP: 20/20 MP: 7/10
  1069 | D:2      | Reached skill level 1 in Fighting
  1586 | D:2      | Noticed Terence
  1608 | D:2      | Killed Terence
  1608 | D:2      | Reached XP level 4. HP: 25/25 MP: 8/11
  1807 | D:3      | Learned a level 4 spell: Summon Lightning Spire
  1811 | D:3      | Learned a level 3 spell: Summon Guardian Golem
  1850 | D:3      | Noticed a centaur
  1887 | D:3      | HP: 1/25 [centaur/arrow (15)]
  1893 | D:3      | Shot with an arrow by a centaur

Skill      XL: |  1  2  3 |
---------------+----------+-----
Stealth        | 3 |  3.3
Fighting       | 1 |  1.2
Short Blades   | |  0.2
Dodging        | |  2.6
Spellcasting   | |  3.8
Summonings     | |  4.8
Evocations     | |  0.4

Action                   |  1- 3 |  4- 6 || total
-------------------------+-------+-------++-------
Melee: Short sword       |    54 |     4 ||    58
 Cast: Summon Small Mamm |    26 |     4 ||    30
       Call Imp          |    15 |     4 ||    19
       Summon Guardian G |       |     1 ||     1
 Stab: Sleeping          |     1 |       ||     1
  Eat: Chunk             |     2 |     2 ||     4
Armor: Robe              |    23 |       ||    23
Dodge: Dodged            |    90 |    13 ||   103
